 Dungeon Crawl Stone Soup version 0.20-a0-509-ga2a529b (webtiles) character file.

46 M4edhros the Vexing (level 3, -6/26 HPs)
             Began as a Formicid Arcane Marksman on Jan 22, 2017.
             Mangled by a phantom (8 damage)
             ... on level 4 of the Dungeon.
             The game lasted 00:00:48 (635 turns).

M4edhros the Vexing (Formicid Arcane Marksman)       Turns: 635, Time: 00:00:49

Health: -6/26      AC:  3    Str: 14    XL:     3   Next: 95%
Magic:  4/4        EV: 12    Int: 12    God:
Gold:   31         SH:  0    Dex: 12    Spells: 3/4 levels left

rFire    . . .     SeeInvis +   a - +0 hand crossbow
rCold    . . .     Gourm    .   e - +0 robe
rNeg     . . .     Faith    .   (no shield)
rPois    .         Spirit   .   (helmet unavailable)
rElec    .         Reflect  .   (no cloak)
rCorr    .         Harm     .   k - +0 pair of gloves
MR       .....                  (no boots)
Stlth    +.........             (no amulet)
Regen    0.1/turn               (no ring)
                                (no ring)

@: no status effects
A: permanent stasis, dig shafts and tunnels, four strong arms, antennae 3
a: Dig, Shaft Self


You were on level 4 of the Dungeon.
You were not hungry.

You visited 1 branch of the dungeon, and saw 3 of its levels.

You collected 31 gold pieces.

Inventory:

Hand Weapons
 a - a +0 hand crossbow (weapon)
Missiles
 d - 4 bolts (quivered)
Armour
 e - a +0 robe (worn)
 k - a +0 pair of gloves (worn)
Jewellery
 m - a cursed ring of teleportation {unknown}
Scrolls
 h - 2 scrolls of teleportation {unknown}
 i - a scroll of enchant weapon {unknown}
 j - a scroll of fear {unknown}
Books
 c - a book of Debilitation

   Spells                             Type                      Level
   a - Corona                         Hexes                        1
   b - Slow                           Hexes                        2
   c - Gell's Gravitas                Hexes/Translocation          3
   d - Inner Flame                    Hexes/Fire                   3
   e - Cause Fear                     Hexes                        4
   f - Leda's Liquefaction            Hexes/Earth                  4
Comestibles
 b - a meat ration
 f - 2 bread rations
 g - a royal jelly
 l - a chunk of flesh


   Skills:
 - Level 1.1 Fighting
 * Level 2.8 Crossbows
 + Level 2.2 Dodging
 - Level 1.1 Spellcasting
 * Level 4.4 Hexes


You had 3 spell levels left.
You knew the following spells:

 Your Spells              Type           Power        Failure   Level  Hunger
a - Corona                Hex            ##.....      6%          1    ##.....


Dungeon Overview and Level Annotations

Branches:
Dungeon (2/15)

Altars:

Annotations:
D:2 Ijyb


Innate Abilities, Weirdness & Mutations

You cannot be hasted, slowed, berserked, paralysed or teleported.
You can dig through walls and to a lower floor.
Your four strong arms can wield two-handed weapons with a shield.
You have a pair of large antennae on your head. (SInv)


Message History

Press: ? - help, Shift-Dir - straight line, f/p - phantom
Aim: a phantom (moderately damaged)
You shoot a bolt. The bolt misses the phantom.
The phantom barely misses you.
Firing (i - inventory):
d - 5 bolts (quivered)
Press: ? - help, Shift-Dir - straight line, f/p - phantom
Aim: a phantom (moderately damaged)
You shoot a bolt. The bolt barely misses the phantom.
The phantom hits you. The phantom hits you!
* * * LOW HITPOINT WARNING * * *
Firing (i - inventory):
d - 4 bolts (quivered)
Press: ? - help, Shift-Dir - straight line, f/p - phantom
Aim: a phantom (moderately damaged)
Okay, then.
The phantom blinks!
Found a scroll labeled OWKICI OXYMM.
The phantom blinks!
The phantom hits you.
* * * LOW HITPOINT WARNING * * *
The phantom hits you!
You die...

#..............#
#..............#
#..............#
#...###'####...#
#...##....##...#
##....#.....#...#
#.....#.....#...#
#.....'.....#...#
##...##....##@..#
############.W.#
#....# #....#
#....# #.ยง..##
#.....# #.....#
#.....#


You could see a phantom.

Vanquished Creatures
  An iguana (D:4)
  2 leopard geckos (D:1)
  3 bats (D:1)
  2 giant cockroaches (D:1)
  2 goblins (D:1)
  A hobgoblin (D:1)
  5 kobolds (D:1)
  2 frilled lizards (D:1)
  2 rats (D:1)
20 creatures vanquished.

Notes
Turn   | Place    | Note
-------+----------+-------------------------------------------
     0 | D:1      | M4edhros the Formicid Arcane Marksman began the quest for the Orb.
     0 | D:1      | Reached XP level 1. HP: 15/15 MP: 2/2
   108 | D:1      | Reached XP level 2. HP: 21/21 MP: 3/3
   203 | D:1      | Reached skill level 4 in Hexes
   455 | D:1      | Reached XP level 3. HP: 26/26 MP: 4/4
   552 | D:2      | Noticed Ijyb
   559 | D:2      | You fall through a shaft for 2 floors!
   598 | D:4      | Noticed a phantom
   635 | D:4      | Mangled by a phantom

Vault maps used:
D:1:      dpeg_arrival_rooms_c, hangedman_decor_slide_cut
D:2:      yredelemnul_altar_generic, first_bread, kennysheep_slug_shrine,
          uniq_sigmund, uniq_iyjb

Skill      XL: |  1  2 |
---------------+-------+-----
Dodging        | 2 |  2.2
Hexes          | 4 |  4.4
Fighting       | |  1.1
Crossbows      | |  2.8
Spellcasting   | |  1.1

Action                   || total
-------------------------++-------
 Fire: Hand crossbow     ||    51
 Abil: Shaft Self        ||     1
  Use: Potion            ||     1
Armor: Robe              ||     3
Dodge: Dodged            ||    11
